 Dungeon Crawl Stone Soup version 0.30.0-29-ga12c61a403 (webtiles) character file.

Game seed: 4477624471955344012

1533 monsoonserge the Grasshopper (level 8, -20/68 HPs)
             Began as an Armataur Warper on June 9, 2023.
             Was a Believer of Elyvilon.
             Killed from afar by a steam dragon (23 damage)
             ... with a ball of steam
             ... on level 6 of the Dungeon.
             The game lasted 00:20:19 (5792 turns).

monsoonserge the Grasshopper (Armataur Warper)      Turns: 5792, Time: 00:20:19

Health: -20/68     AC:  9    Str: 19    XL:     8   Next: 55%
Magic:  9/11       EV:  9    Int: 13    God:    Elyvilon [**....]
Gold:   287        SH:  0    Dex: 16    Spells: 6/11 levels left

rFire   . . .        F - +2 spear (venom)
rCold   . . .        (no shield)
rNeg    . . .        r - +0 ring mail
rPois   .            A - +0 helmet
rElec   .            (no cloak)
rCorr   .            B - +0 pair of gloves
SInv    .            (no barding)
Will    .....        (no amulet)
Stlth   +            u - +6 ring of dexterity
HPRegen 0.31/turn    (no ring)
MPRegen 0.12/turn

%: roll
@: on blink cooldown
A: large, rugged brown scales 3, deformed body, armoured tail, roll, long
tongue, awkward tongue
a: Renounce Religion, Purification, Heal Other


You were on level 6 of the Dungeon.
You worshipped Elyvilon.
Elyvilon was pleased with you.
You visited 2 branches of the dungeon, and saw 7 of its levels.

You collected 314 gold pieces.
You donated 27 gold pieces to Zin.

Inventory:

Hand Weapons
 a - a +4 spear
 b - a +0 arbalest
 F - a +2 spear of venom (weapon)
Missiles
 d - 7 boomerangs of dispersal
 l - 10 poisoned darts (quivered)
 E - a throwing net
Armour
 q - a +0 chain mail
 r - a +0 ring mail (worn)
 x - a +0 leather armour
 A - a +0 helmet (worn)
 B - a +0 pair of gloves (worn)
Jewellery
 m - a +6 ring of dexterity
 u - a +6 ring of dexterity (left hand)
 G - a ring of fire
Wands
 t - a wand of digging (3)
 y - a wand of light (8)
 z - a wand of charming (11)
Scrolls
 c - 2 scrolls of blinking
 f - 6 scrolls of identify {unknown}
 g - a scroll of enchant weapon {unknown}
 i - a scroll of immolation {unknown}
 j - 4 scrolls of teleportation {unknown}
 k - 3 scrolls of amnesia {unknown}
 o - 3 scrolls of noise {unknown}
 w - a scroll of silence {unknown}
 C - a scroll of vulnerability {unknown}
Potions
 e - 4 potions of curing {unknown}
 h - a potion of resistance {unknown}
 n - 2 potions of degeneration {unknown}
 p - 2 potions of heal wounds {unknown}
 s - 3 potions of brilliance {unknown}
 v - 3 potions of might {unknown}
 D - a potion of attraction {unknown}


   Skills:
 + Level 3.6 Fighting
 - Level 1.7 Maces & Flails
 + Level 4.3 Polearms
 + Level 0.7 Ranged Weapons
 + Level 1.2 Throwing
 - Level 5.0 Armour
 + Level 2.7 Dodging
 - Level 2.0 Stealth
 - Level 2.0 Spellcasting
 * Level 5.4 Translocations
 * Level 3.7 Invocations


You had 6 spell levels left.
You knew the following spells:

 Your Spells              Type           Power      Damage    Failure   Level
a - Blink                 Tloc           30%        N/A       7%          2
b - Teleport Other        Tloc           15%        N/A       14%         3

Your spell library contained the following spells:

 Spells                   Type           Power      Damage    Failure   Level
 Lesser Beckoning         Tloc           30%        N/A       7%          2
 Vhi's Electric Charge    Tloc/Air       16%        N/A       38%         3
 Manifold Assault         Tloc           15%        N/A       41%         4
 Frozen Ramparts          Ice            2%         1d1       77%         3
 Ice Form                 Ice/Tmut       1%         N/A       99%         4
 Summon Ice Beast         Ice/Summ       1%         N/A       99%         4
 Blade Hands              Tmut           0%         N/A       100%        5
 Irradiate                Conj/Tmut      0%         3d11      100%        5
 Dragon Form              Tmut           0%         N/A       100%        7


Dungeon Overview and Level Annotations

Branches:
Dungeon (6/15)             Temple (1/1) D:5

Altars:
Cheibriados
Dithmenos
Elyvilon
Fedhas
Hepliaklqana
Makhleb
Nemelex Xobeh
Okawaru
Sif Muna
Trog
Uskayaw
Vehumet
Wu Jian
Xom
Yredelemnul
Zin
The Shining One

Shops:
D:4 :   D:5 *   D:6 (

Annotations:
D:5 2 runed translucent doors, hawla's ghost, novice MeFE


Innate Abilities, Weirdness & Mutations

You are completely covered in rugged brown scales. (AC +3, +7% HP)
Armour fits poorly on your strangely shaped body.
You have a long armoured tail.
You roll when moving toward enemies. (Rampage)
Your long tongue fully drains potion bottles. (2x potion effects)
Your tongue gives you trouble enunciating. (1.5x scroll delay)


Message History

* * * LOW HITPOINT WARNING * * *
You closely miss the steam dragon.
The steam dragon is lightly wounded.
The steam dragon closely misses you. x2
You hit the steam dragon but do no damage.
The steam dragon looks even sicker.
The steam dragon is lightly wounded.
You hit the steam dragon but do no damage.
The steam dragon is lightly wounded.
The steam dragon misses you.
The steam dragon claws you but does no damage.
You hit the steam dragon.
The steam dragon looks as sick as possible!
The steam dragon is moderately wounded.
The steam dragon closely misses you.
The steam dragon claws you but does no damage.
You hit the steam dragon. You tail-slap the steam dragon.
The steam dragon is severely wounded.
The steam dragon breathes steam at you. The ball of steam hits you.
* * * LOW HITPOINT WARNING * * *
You barely miss the steam dragon.
The steam dragon is almost dead.
You are engulfed in a cloud of scalding steam.
* * * LOW HITPOINT WARNING * * *
The steam dragon bites you.
* * * LOW HITPOINT WARNING * * *
The steam dragon claws you.
* * * LOW HITPOINT WARNING * * *
Casting: Blink (safe; 7% risk of failure)
Confirm with . or Enter, or press ? or * to list all spells.
Okay, then.
Okay, then.
Okay, then.
Casting: Blink (safe; 7% risk of failure)
Confirm with . or Enter, or press ? or * to list all spells.
You blink.
The steam dragon breathes steam at you. The ball of steam hits you!!
You die...

######### #........ #.#######
#################...#
#.§§§D§§@...........#
#########.###############...#
#.........# #.#.#
#.#######################.#.#
..........................#.#
#...#..##############.....#.#
#...................#.....#.# ##
#..###.######.......#.......####.
#.....<#..>.........#.......##..#


There were no monsters in sight!

Vanquished Creatures
  Menkaure (D:4)
  A water moccasin (D:5)
  An ice beast (D:4)
  A black bear (D:6)
  A sky beast (D:6)
  A bullfrog (D:6)
  4 scorpions
  Blork the orc (D:5)
  3 hounds
  A jelly (D:6)
  3 orc priests
  6 iguanas
  4 orc wizards
  4 gnolls
  9 adders
  A white imp (D:5)
  5 worms
  14 orcs
  7 ball pythons
  6 endoplasms
  2 giant cockroaches
  8 goblins
  3 hobgoblins (D:2)
  4 jackals (D:3)
  A quokka (D:2)
  5 bats
  3 frilled lizards
  4 kobolds
  3 rats
107 creatures vanquished.

Notes
Turn   | Place    | Note
-------+----------+-------------------------------------------
     0 | D:1      | monsoonserge the Armataur Warper began the quest for the
                  | Orb.
     0 | D:1      | Reached XP level 1. HP: 18/18 MP: 3/3
   157 | D:1      | Found a faded altar of an unknown god.
   171 | D:1      | Prayed at the altar of an unknown god.
   171 | D:1      | Became a worshipper of Zin the Law-Giver
   171 | D:1      | Reached * piety under Zin
   473 | D:1      | Reached XP level 2. HP: 25/25 MP: 4/4
   790 | D:2      | Reached ** piety under Zin
  1012 | D:2      | Learned a level 2 spell: Blink
  1085 | D:2      | Reached XP level 3. HP: 31/31 MP: 5/5
  1226 | D:2      | Reached *** piety under Zin
  1429 | D:3      | Reached skill level 1 in Polearms
  1429 | D:3      | Reached XP level 4. HP: 35/38 MP: 6/6
  1441 | D:3      | Reached skill level 1 in Invocations
  1707 | D:3      | Reached XP level 5. HP: 43/43 MP: 7/7
  2258 | D:4      | Found Vosacili's Tiny Tomes.
  2278 | D:4      | Reached **** piety under Zin
  2569 | D:4      | Reached skill level 1 in Stealth
  3005 | D:4      | Reached XP level 6. HP: 10/52 MP: 8/8
  3281 | D:5      | Entered Level 5 of the Dungeon
  3281 | D:5      | Noticed an ice beast
  3354 | D:5      | Noticed Menkaure
  3363 | D:4      | Killed Menkaure
  3364 | D:4      | Reached XP level 7. HP: 24/59 MP: 9/9
  3493 | D:5      | Reached skill level 5 in Armour
  3652 | D:5      | Found a runed translucent door.
  3652 | D:5      | Noticed hawla's ghost (novice MeFE)
  4000 | D:5      | Found a sparkling altar of Nemelex Xobeh.
  4074 | D:5      | Found Louregy's Serpentskin Sales.
  4197 | D:5      | Found a staircase to the Ecumenical Temple.
  4222 | Temple   | Entered the Ecumenical Temple
  4414 | Temple   | Fell from the grace of Zin
  4414 | Temple   | Became a worshipper of Elyvilon the Healer
  4414 | Temple   | Reached * piety under Elyvilon
  4414 | Temple   | Reached ** piety under Elyvilon
  4469 | D:5      | Found a runed translucent door.
  4521 | D:5      | Learned a level 3 spell: Teleport Other
  4549 | D:5      | Noticed Blork the orc
  4553 | D:5      | Killed Blork the orc
  4688 | D:6      | Reached skill level 5 in Translocations
  4688 | D:6      | Reached XP level 8. HP: 50/67 MP: 11/11
  5177 | D:6      | Reached skill level 1 in Throwing
  5594 | D:6      | Found Buogetor's Antique Weapon Shop.
  5791 | D:6      | HP: 3/68 [steam dragon (3)]
  5792 | D:6      | Killed from afar by a steam dragon

Illustrated notes

Levels and vault maps discovered:
D:1:      psy_arrival_wood_between_worlds, layout_basic, basic_ecumenical_altar
D:2:      layout_rooms
D:3:      layout_basic, grunt_ministairs_12, kennysheep_boxes
D:4:      layout_loops_ring, nicolae_shop_i_like_small_books_too,
          serial_park_tiny_1
D:5:      layout_rooms, nemelex_altar_shiori,
          minmay_temple_entry_statues_fountains, ebering_ghost_sewer_f,
          skrybe_limestone_x, guppyfry_shop_venom, uniq_blork_the_orc,
          uniq_menkaure
D:6:      layout_basic, serial_shops, shop, serial_corexii_hall,
          chequers_hall_statues_wall_a, chequers_hall_statues_wall_a,
          minmay_misc_feat_chi, hangedman_decor_diamond_cutter
Temple:   nicolae_temple_slightly_damp_pantheon

Skill      XL: |  1  2  3  4  5  6  7  8 |
---------------+-------------------------+-----
Armour         | 2 3 4 5 |  5.0
Fighting       | 2 3 |  3.6
Polearms       | 1 2 3 4 |  4.3
Invocations    | 1 2 3 |  3.7
Stealth        | 1 2 |  2.0
Translocations | 4 5 |  5.4
Dodging        | 2 |  2.7
Spellcasting   | 2 |  2.0
Throwing       | 1 |  1.2
Maces & Flails | |  1.7
Ranged Weapons | |  0.7

Action                     |  1- 3 |  4- 6 |  7- 9 || total
---------------------------+-------+-------+-------++-------
  Melee: Spear             |    87 |   123 |   164 ||   374
         Tailslap          |    10 |    17 |    27 ||    54
         Punch             |       |     1 |     4 ||     5
   Fire: Arbalest          |       |       |     9 ||     9
  Throw: Dart              |       |     1 |     7 ||     8
   Cast: Blink             |       |       |     1 ||     1
 Invoke: Recite            |     2 |     1 |     2 ||     5
   Stab: Confused          |       |     1 |       ||     1
 Armour: Leather armour    |    18 |     6 |       ||    24
         Ring mail         |       |    37 |    88 ||   125
  Dodge: Dodged            |    30 |    51 |    81 ||   162
